 Dungeon Crawl Stone Soup version 0.30-a0-570-g486de37d69 (webtiles) character file.

Game seed: 4676183382467275998

123735 EnegeticOcto the Eclecticist (level 17, -5/131 HPs)
             Began as a Djinni Gladiator on Dec 29, 2022.
             Was a High Priest of the Shining One.
             Slain by a wolf spider simulacrum (21 damage)
             ... on level 3 of the Spider Nest.
             The game lasted 01:34:16 (36545 turns).

EnegeticOcto the Eclecticist (Djinni Gladiator)    Turns: 36545, Time: 01:34:17

Health: -5/131     AC: 14    Str:  8    XL:     17   Next: 46%
Gold:   872        EV: 20    Int: 22    God:    the Shining One [*****.] SH:  9 Dex: 17

rFire   + + .      SeeInvis +    Y - staff of cold
rCold   . . .      Faith    .    O - +3 warlock's mirror {reflect}
rNeg    + + .      Spirit   .    e - +0 troll leather armour
rPois   ∞          Reflect  +    c - +2 helmet {SInv}
rElec   .          Harm     .    q - +2 cloak of Absolutism {Str-5 Int+4 Dex+2 Slay+3}
rCorr   .          Rampage  .    P - +2 pair of gloves
Will    ++...                    (boots unavailable)
Stlth   +                        s - amulet of the acrobat
HPRegen 1.21/turn                S - +5 ring of evasion
MPRegen 0.00/turn                Q - ring of willpower

@: flying, glowing
A: sickness immunity, fire resistance 2, cold vulnerability 1, float, innate
caster, HP casting, extra vitality 1
a: Renounce Religion, Divine Shield, Cleansing Flame, Summon Divine Warrior


You were on level 3 of the Spider Nest.
You worshipped the Shining One.
The Shining One was extremely pleased with you.
You visited 5 branches of the dungeon, and saw 26 of its levels.
You also visited: Sewer and Ice Cave.

You collected 2553 gold pieces.
You spent 1681 gold pieces at shops.

Inventory:

Hand Weapons
 a - a +2 hand axe of distortion
   (You took it off an orc on level 1 of the Orcish Mines)
 F - a +1 whip of electrocution
   (You took it off a kobold on level 4 of the Dungeon)
 V - a +6 heavy spear
   (You took it off a gnoll sergeant on level 9 of the Dungeon)
Missiles
 u - 3 poisoned darts (quivered)
 U - 2 throwing nets {!f}
Armour
 c - a +2 helmet of see invisible (worn)
   (You bought it in a shop on level 13 of the Dungeon)
 e - a +0 troll leather armour (worn)
   (You found it on level 12 of the Dungeon)
 q - the +2 cloak of Absolutism (worn) {Str-5 Int+4 Dex+2 Slay+3}
   (You bought it in a shop on level 2 of the Orcish Mines)

   Str:       It affects your strength (-5).
   Int:       It affects your intelligence (+4).
   Dex:       It affects your dexterity (+2).
   Slay:      It affects your accuracy & damage with ranged weapons and melee
   (+3).
 O - the +3 warlock's mirror (worn) {reflect}
   (You found it on level 12 of the Dungeon)

   It can block and reflect piercing ranged attacks and magical attacks against
   the wielder's willpower.
 P - a +2 pair of gloves (worn)
   (You found it on level 5 of the Lair of Beasts)
Magical Staves
 H - a staff of air
   (You found it on level 12 of the Dungeon)
 Y - a staff of cold (weapon)
   (You found it on level 11 of the Dungeon)
Jewellery
 s - an amulet of the acrobat (around neck)
   (You found it on level 5 of the Dungeon)
 Q - a ring of willpower (right hand)
   (You found it on level 3 of the Lair of Beasts)
 R - the ring of Ascent {Ice +Blink Dex+4 Stlth-}
   (You found it on level 5 of the Lair of Beasts)

   [ring of ice]

   It enhances your ice magic.
   Dex:       It affects your dexterity (+4).
   rF:        It makes you vulnerable to fire.
   rC:        It protects you from cold.
   +Blink:    It lets you blink.
   Stlth:     It makes you less stealthy.
 S - a +5 ring of evasion (left hand)
   (You found it on level 13 of the Dungeon)
 W - a ring of resist corrosion
   (You found it on level 10 of the Dungeon)
 Z - a ring of wizardry
   (You found it on level 11 of the Dungeon)
Wands
 b - a wand of iceblast (11) {@v2}
   (You took it off an orc wizard on level 10 of the Dungeon)
 d - a wand of light (8) {@v1}
   (You took it off Erica on level 9 of the Dungeon)
 w - a wand of mindburst (6)
   (You found it on level 10 of the Dungeon)
 y - a wand of polymorph (17)
   (You took it off Ijyb on level 4 of the Dungeon)
 G - a wand of digging (8) {@v3}
   (You found it on level 13 of the Dungeon)
 K - a wand of flame (11) {@v4}
   (You found it on level 5 of the Dungeon)
 T - a wand of paralysis (13)
   (You found it on level 9 of the Dungeon)
Scrolls
 f - 3 scrolls of fear {!r}
 i - 3 scrolls of magic mapping {@r5 !r}
 k - 8 scrolls of teleportation {@r3 !r}
 l - 2 scrolls of poison
 n - 4 scrolls of butterflies
 o - 3 scrolls of vulnerability
 v - 3 scrolls of fog {!r}
 B - a scroll of immolation
 C - 3 scrolls of identify {@r1}
 E - 2 scrolls of enchant armour
 L - a scroll of brand weapon
 M - 4 scrolls of blinking {@r4}
Potions
 g - 8 potions of haste {@q4 !q}
 h - 4 potions of magic
 j - 6 potions of lignification {@q6}
 m - 4 potions of brilliance
 r - 7 potions of heal wounds {@q2 !q}
 t - 4 potions of resistance
 x - 2 potions of berserk rage
 z - 3 potions of invisibility
 A - 2 potions of mutation
 D - 11 potions of curing {@q1 !q}
 I - a potion of might {@q3 !q}
 J - 2 potions of attraction
 N - 4 potions of ambrosia
 X - a potion of cancellation
Miscellaneous
 p - a lightning rod (4/4)
   (You found it on level 13 of the Dungeon)


   Skills:
 + Level 15.1 Fighting
 - Level 2.6 Staves
 - Level 1.5 Throwing
 - Level 4.0 Armour
 + Level 8.3 Dodging
 - Level 2.0 Stealth
 + Level 5.5 Shields
 + Level 15.5 Spellcasting
 + Level 12.2 Invocations
 + Level 6.4 Evocations


You had 16 spell levels left.
You knew the following spells:

 Your Spells              Type           Power      Damage    Failure   Level
a - Iron Shot             Conj/Erth      35%        9d7       1%          6
b - Searing Ray           Conj           100%       2d8       0%          2
c - Iskenderun's Battles  Conj           71%        2d12      1%          5
d - Ignite Poison         Fire/Tmut/Pois 71%        N/A       1%          3
e - Summon Small Mammal   Summ           100%       N/A       0%          1
f - Tukima's Dance        Hex            71%        N/A       1%          3
z - Summon Cactus Giant   Summ           35%        N/A       1%          6
M - Borgnjor's Vile Clut  Necr/Erth      35%        N/A       1%          5
Your spell library was empty.

Dungeon Overview and Level Annotations

Branches:
Dungeon (15/15) Zot: 22161  Temple (1/1) D:5 Zot: 5954    Lair (5/5) D:10 Zot: 22805
 Shoals (0/4) Lair:3       Spider (3/4) Lair:3 Zot: 14704   Slime (0/5) Lair:4
    Orc (2/2) D:9 Zot: 8478     Elf (0/3) Orc:2        Vaults (0/5) D:14
 Depths (0/4) D:15          Sewer (visited)           IceCv (visited)

Altars:
Ashenzari
Cheibriados
Dithmenos
Elyvilon
Fedhas
Gozag
Hepliaklqana
Makhleb
Nemelex Xobeh
Okawaru
Qazlal
Ru
Trog
Uskayaw
Wu Jian
Xom
Yredelemnul
Zin
The Shining One
Jiyva
Lugonu

Shops:
D:3 !   D:10 :   D:13 [   D:15 [   Orc:2 ?**[

Portals:
Abyss: Spider:2

Annotations:
Orc:2 exclusion: upstairs


Innate Abilities, Weirdness & Mutations

You are immune to sickness and miasma.
You are immune to poison.
Your flesh is very heat resistant. (rF++)
You are vulnerable to cold. (rC-)
You float through the air rather than walking.
You learn spells naturally, not from books.
Your magical power is your life essence.
You have superior vitality. (+4 MHP)


Message History

Confirm with . or Enter, or press ? or * to list all spells.
Aiming: Iron Shot (dangerous; 1% risk of failure)
Press: ? - help, Shift-Dir - straight line, f - redback
Aim: a redback (ally target, haloed, 77% to hit)
The iron shot hits the redback!!!
You kill the redback!
The culicivora closely misses you.
The wolf spider enters a dispersal trap!
Your cactus giant blinks!
The culicivora blinks!
The pharaoh ant blinks! x2; The culicivora blinks!
Your cactus giant blinks!
You blink.
The wolf spider blinks!
There is a stone staircase leading up here.
You see here a redback corpse.
Casting: Iron Shot (dangerous; 1% risk of failure)
Confirm with . or Enter, or press ? or * to list all spells.
Aiming: Iron Shot (dangerous; 1% risk of failure)
Press: ? - help, Shift-Dir - straight line, f - wolf spider
Aim: a wolf spider (haloed, 82% to hit)
The iron shot hits the wolf spider!!!
The wolf spider is severely wounded.
The wolf spider enters a dispersal trap!
The culicivora blinks!
Your cactus giant blinks!
The pharaoh ant blinks! x2; The culicivora blinks!
You blink.
The wolf spider blinks!
Casting: Iron Shot (dangerous; 1% risk of failure)
Confirm with . or Enter, or press ? or * to list all spells.
Aiming: Iron Shot (dangerous; 1% risk of failure)
Press: ? - help, Shift-Dir - straight line, f - pharaoh ant
Aim: a pharaoh ant (haloed, 87% to hit)
The iron shot hits the pharaoh ant!!
The pharaoh ant is severely damaged.
The wolf spider is healed somewhat.
There is a stone staircase leading down here.
Casting: Iron Shot (dangerous; 1% risk of failure)
Confirm with . or Enter, or press ? or * to list all spells.
Aiming: Iron Shot (dangerous; 1% risk of failure)
Press: ? - help, Shift-Dir - straight line, f/p - pharaoh ant
Aim: a pharaoh ant (severely damaged, haloed, 87% to hit)
The iron shot hits the pharaoh ant!!
You destroy the pharaoh ant!
The Shining One accepts your kill.
The pharaoh ant binds the souls of nearby monsters.
Casting: Iron Shot (dangerous; 1% risk of failure)
Confirm with . or Enter, or press ? or * to list all spells.
Your cactus giant disappears in a puff of smoke!
Your cactus giant completely misses the culicivora.
You swap places.
The wolf spider is struck by your cactus giant's spines.
The wolf spider hits your cactus giant!!
The wolf spider bites your cactus giant!
The wolf spider is healed somewhat.
The wolf spider is struck by your cactus giant's spines.
The wolf spider hits your cactus giant.
The wolf spider bites your cactus giant.
The wolf spider is healed somewhat.
You see here 2 potions of attraction.
Casting: Summon Cactus Giant (dangerous; 1% risk of failure)
Confirm with . or Enter, or press ? or * to list all spells.
Aiming: Iron Shot (dangerous; 1% risk of failure)
Press: ? - help, Shift-Dir - straight line, f - culicivora
Aim: a culicivora (soul bound, haloed, 68% to hit)
The iron shot hits the culicivora!!
The culicivora is almost dead.
The culicivora completely misses you.
The wolf spider is struck by your cactus giant's spines.
The wolf spider dies!
A freezing mist starts to gather...
The wolf spider simulacrum bites your cactus giant.
The wolf spider simulacrum freezes your cactus giant!
A wolf spider simulacrum comes into view.
Casting: Iron Shot (dangerous; 1% risk of failure)
Confirm with . or Enter, or press ? or * to list all spells.
Aiming: Iron Shot (dangerous; 1% risk of failure)
Press: ? - help, Shift-Dir - straight line, f/p - culicivora
Aim: a culicivora (almost dead, soul bound, haloed, 68% to hit)
The iron shot misses the culicivora.
The culicivora bites you!!
You block the wolf spider simulacrum's attack.
The wolf spider simulacrum bites you.
The wolf spider simulacrum freezes you!!
* * * LOW HITPOINT WARNING * * *
Your cactus giant hits the wolf spider simulacrum with a +0 giant spiked club!
You block the culicivora's attack.
Casting: Iron Shot (dangerous; 1% risk of failure)
Confirm with . or Enter, or press ? or * to list all spells.
Aiming: Iron Shot (dangerous; 1% risk of failure)
Press: ? - help, Shift-Dir - straight line, f/p - culicivora
Aim: a culicivora (almost dead, soul bound, haloed, 68% to hit)
The iron shot hits the culicivora!!
You kill the culicivora!
The Shining One accepts your kill.
You feel better.
* * * LOW HITPOINT WARNING * * *
A freezing mist starts to gather...
A culicivora simulacrum comes into view.
The wolf spider simulacrum misses you. The wolf spider simulacrum bites you!
* * * LOW HITPOINT WARNING * * *
The wolf spider simulacrum freezes you!!
You die...

##>....§.##........# ##
#..††....†..##....# #<
##.§.>......##....## #####†
##....§..†..##....## ##.#...
##.......^#.####..#####......
##........#### ##....###.....
#....#....# #....#.......
#..#......^..#####
####.....#...
#......<.....Z@# ##........
...C##......Z..C# ##.......
...##.....#...>.# #.....^.
####.......^....# ####.##.
#.........##.## ## #
##.§....###### ##.....#
##....# ######


You could see a wolf spider simulacrum (ally target), a culicivora simulacrum
and a friendly cactus giant (summoned).

Vanquished Creatures
  A broodmother (Spider:2)
  A spark wasp (Spider:2)
  Josephine (D:14)
  2 entropy weavers
  A rakshasa (D:15)
  2 hydras
  An ogre mage (D:14)
  2 catoblepae (Lair:5)
  3 two-headed ogres
  Erica (D:9)
  3 centaur warriors
  5 boulder beetles
  A tengu warrior (D:15)
  3 death yaks (Lair:5)
  An orc high priest (Orc:2)
  2 pharaoh ants
  A sun moth (Spider:2)
  2 steelbarb worms (Spider:2)
  An orb spider (Spider:1)
  A glowing orange brain (D:15)
  2 wizards
  2 deep elf pyromancers
  7 wolf spiders
  6 orc sorcerers
  4 ugly things
  8 cyclopes
  6 manticores
  An elephant (D:10)
  A manticore (shapeshifter) (D:15)
  A black mamba (Lair:4)
  A moth of wrath (Spider:1)
  Joseph (D:9)
  4 gargoyles
  A cane toad (shapeshifter) (D:13)
  5 demonic crawlers
  A torpor snail (Spider:1)
  4 cane toads
  An unseen horror (D:13)
  A rime drake (shapeshifter) (D:13)
  An efreet (D:14)
  5 komodo dragons
  3 yaktaurs (D:15)
  2 nameless horrors (Orc:2)
  3 rime drakes (Lair:1)
  2 tengu conjurers (D:13)
  2 trolls
  3 polar bears
  4 meliai
  A wind drake (Lair:3)
  13 tarantellas
  3 saltlings (Orc:2)
  7 blink frogs
  Prince Ribbit (D:5)
  4 dream sheep (Lair:3)
  10 slime creatures
  9 jumping spiders
  5 culicivoras
  A shadow (D:10)
  A water elemental (D:14)
  A fire elemental (D:15)
  7 wraiths
  4 wyverns
  55 yaks
  3 basilisks
  28 redbacks
  2 steam dragons
  9 vampire mosquitoes
  2 wargs
  2 acid dragons
  16 water moccasins
  3 black bears
  14 orc warriors
  3 ogres
  27 wolves
  3 centaurs
  2 phantoms
  A kobold brigand (D:10)
  6 bullfrogs
  4 scorpions
  3 gnoll sergeants
  12 killer bees
  3 howler monkeys (D:8)
  2 electric eels
  6 jellies
  13 orc priests
  A hound (D:4)
  Ijyb (D:4)
  Natasha (D:2)
  An iguana (D:3)
  22 orc wizards
  13 gnolls
  9 adders
  4 river rats (Sewer)
  2 shadow imps
  12 white imps (D:13)
  2 ufetubi
  3 worms
  A dart slug (D:4)
  65 orcs
  13 ball pythons
  6 endoplasms
  5 giant cockroaches
  6 goblins
  12 hobgoblins
  4 jackals (D:1)
  3 quokkas
  9 bats
  3 frilled lizards
  12 kobolds
  14 rats
  2 lurking horrors (Spider:2)
629 creatures vanquished.

Vanquished Creatures (collateral kills)
  Rupert (Lair:5)
  2 emperor scorpions (Spider:1)
  A ghost moth (Spider:1)
  An orc warlord (Orc:1)
  A hydra (D:15)
  A catoblepas (Lair:5)
  8 two-headed ogres
  The ghost of HessuHobo the Fighter, a novice MiMo of Wu Jian (D:9)
  10 death yaks
  4 boulder beetles
  3 steelbarb worms (Spider:1)
  4 wolf spiders
  A deep elf pyromancer (D:14)
  10 orc knights
  A cyclops (Orc:2)
  7 ugly things (D:15)
  2 orc sorcerers (Orc:2)
  2 moths of wrath
  3 elephants
  3 torpor snails
  A komodo dragon (Lair:5)
  5 tarantellas
  2 trolls
  3 saltlings (Orc:2)
  4 slime creatures
  2 blink frogs
  6 jumping spiders (Spider:1)
  4 culicivoras
  A vampire (D:14)
  11 yaks (Lair:5)
  11 redbacks
  A warg (D:15)
  Duvessa (D:7)
  A nameless horror (D:15)
  12 orc warriors
  2 ogres
  Dowan (D:7)
  A jelly (D:9)
  6 orc priests
  2 orc wizards
  A river rat (Sewer)
  23 orcs
  A giant cockroach (D:2)
  2 ball pythons (Sewer)
  A goblin (D:2)
  8 rats (Sewer)
179 creatures vanquished.

Vanquished Creatures (others)
  22 dancing weapons
  13 fungi
  14 pillars of salt (Orc:2)
  37 plants
86 creatures vanquished.

Grand Total: 894 creatures vanquished

Notes
Turn   | Place    | Note
-------+----------+-------------------------------------------
     0 | D:1      | EnegeticOcto the Djinni Gladiator began the quest for the
                  | Orb.
     0 | D:1      | Reached XP level 1. HP: 18/18 MP: 0/0
    80 | D:1      | Reached skill level 1 in Stealth
   202 | D:1      | Reached XP level 2. HP: 23/23 MP: 0/0
   652 | D:1      | Reached skill level 2 in Stealth
   732 | D:1      | Reached XP level 3. HP: 28/28 MP: 0/0
   732 | D:1      | Learned a level 1 spell: Summon Small Mammal
  1398 | D:2      | Reached XP level 4. HP: 31/34 MP: 0/0
  1438 | D:2      | Noticed Sigmund
  1493 | D:2      | Reached skill level 1 in Spellcasting
  1546 | D:2      | Noticed Natasha
  2373 | D:3      | Reached skill level 3 in Fighting
  2387 | D:3      | Found a glowing drain.
  2391 | Sewer    | Entered a sewer
  2449 | Sewer    | Reached XP level 5. HP: 19/40 MP: 0/0
  2449 | Sewer    | Learned a level 2 spell: Searing Ray
  3117 | Sewer    | Reached skill level 2 in Spellcasting
  3314 | D:3      | Found Beannir's Distillery.
  3367 | D:3      | Bought a potion of heal wounds for 55 gold pieces
  3367 | D:3      | Bought a potion of heal wounds for 55 gold pieces
  3451 | D:3      | Reached XP level 6. HP: 32/47 MP: 0/0
  3548 | D:3      | Found a shadowy altar of Dithmenos.
  3564 | D:3      | Reached skill level 4 in Fighting
  3585 | D:3      | Found an ornate altar of the Wu Jian Council.
  3590 | D:3      | Found a burning altar of Makhleb.
  3624 | D:3      | Found a hide-covered altar of Uskayaw.
  4108 | D:3      | Bought a potion of berserk rage for 55 gold pieces
  4441 | D:4      | Noticed Ijyb
  4455 | D:4      | Killed Ijyb
  4456 | D:4      | Reached skill level 3 in Spellcasting
  4653 | D:4      | Noticed a black bear
  4913 | D:4      | Killed a black bear
  4914 | D:4      | Reached XP level 7. HP: 42/52 MP: 0/0
  4914 | D:4      | Learned a level 3 spell: Tukima's Dance
  4981 | D:4      | Reached skill level 4 in Spellcasting
  5663 | D:2      | Noticed Sigmund
  5669 | D:2      | Killed Sigmund the giant cockroach
  5764 | D:5      | Entered Level 5 of the Dungeon
  5782 | D:5      | Found a staircase to the Ecumenical Temple.
  5793 | Temple   | Entered the Ecumenical Temple
  5816 | Temple   | Became a worshipper of the Shining One
  5857 | D:5      | Reached skill level 5 in Spellcasting
  5857 | D:5      | Reached XP level 8. HP: 31/58 MP: 0/0
  6020 | D:5      | Found an opulent altar of Gozag.
  6081 | D:5      | Reached skill level 5 in Fighting
  6351 | D:5      | Found an iron altar of Okawaru.
  6421 | D:5      | Noticed Prince Ribbit
  6981 | D:5      | Killed Prince Ribbit
  6981 | D:5      | Was placed under penance by the Shining One
  6982 | D:5      | Reached skill level 6 in Fighting
  7341 | D:6      | Reached skill level 7 in Fighting
  7749 | D:6      | Reached XP level 9. HP: 54/68 MP: 0/0
  7749 | D:6      | Learned a level 3 spell: Ignite Poison
  7956 | D:6      | Reached skill level 6 in Spellcasting
  8372 | D:6      | Reached skill level 7 in Spellcasting
  8912 | D:7      | Reached skill level 4 in Dodging
  9503 | D:7      | Reached skill level 5 in Dodging
  9631 | D:7      | Noticed Dowan
  9823 | D:7      | Noticed Duvessa
  9853 | D:7      | Killed Duvessa
  9854 | D:7      | Reached skill level 8 in Fighting
 10019 | D:7      | Killed Dowan
 10236 | D:7      | Reached XP level 10. HP: 60/77 MP: 0/0
 10340 | D:8      | Found a stormy altar of Qazlal.
 10470 | D:8      | Reached skill level 9 in Fighting
 10949 | D:8      | Found a snail-covered altar of Cheibriados.
 11005 | D:9      | Noticed a two-headed ogre
 11028 | D:9      | Reached skill level 10 in Fighting
 11108 | D:9      | Found a runed translucent gate.
 11108 | D:9      | Found a runed translucent gate.
 11108 | D:9      | Found a runed translucent gate.
 11108 | D:9      | Found a viscous altar of Jiyva.
 11108 | D:9      | Noticed HessuHobo's ghost (novice MiMo)
 11382 | D:9      | Killed a two-headed ogre
 11814 | D:9      | Reached skill level 8 in Spellcasting
 12060 | D:9      | Found a staircase to the Orcish Mines.
 12113 | D:9      | Noticed Erica
 12127 | D:9      | Killed Erica
 12128 | D:9      | Reached skill level 2 in Evocations
 12128 | D:9      | Reached XP level 11. HP: 77/85 MP: 0/0
 12128 | D:9      | Learned a level 5 spell: Iskenderun's Battlesphere
 12227 | D:9      | Found a hazy altar of Hepliaklqana.
 12312 | D:9      | Found a white marble altar of Elyvilon.
 12324 | D:9      | Noticed a two-headed ogre
 12325 | D:9      | Was forgiven by the Shining One
 12607 | D:9      | Killed a two-headed ogre
 12608 | D:9      | Reached skill level 9 in Spellcasting
 12608 | D:9      | Reached skill level 3 in Evocations
 12894 | D:9      | Noticed Joseph
 12904 | D:9      | Killed Joseph
 13122 | D:10     | Entered Level 10 of the Dungeon
 13122 | D:10     | Found Idoupnaw's Book Boutique.
 13124 | D:10     | Noticed a two-headed ogre
 13264 | D:10     | Reached skill level 11 in Fighting
 13512 | D:10     | Reached skill level 1 in Shields
 13526 | D:10     | Reached skill level 2 in Shields
 13536 | D:10     | Reached skill level 3 in Shields
 13826 | D:10     | Killed a two-headed ogre
 14203 | D:10     | Found a staircase to the Lair.
 14328 | D:10     | Noticed an elephant
 14342 | D:10     | Killed an elephant
 14736 | Lair:1   | Entered Level 1 of the Lair of Beasts
 14837 | Lair:1   | Reached skill level 10 in Spellcasting
 14837 | Lair:1   | Reached skill level 1 in Invocations
 14956 | Lair:1   | Reached skill level 2 in Invocations
 15057 | Lair:1   | Reached skill level 3 in Invocations
 15057 | Lair:1   | Reached XP level 12. HP: 84/94 MP: 0/0
 15125 | Lair:1   | Reached skill level 4 in Invocations
 15526 | Lair:1   | Reached skill level 5 in Invocations
 15675 | Lair:1   | Reached skill level 6 in Invocations
 15934 | Lair:1   | Reached skill level 7 in Invocations
 16495 | Lair:2   | Reached skill level 8 in Invocations
 16638 | Lair:2   | Reached skill level 4 in Shields
 16893 | Lair:2   | Reached skill level 5 in Shields
 17748 | Lair:3   | Found a hole to the Spider Nest.
 17948 | Lair:3   | Found a staircase to the Shoals.
 17994 | Lair:3   | Reached skill level 12 in Fighting
 18037 | Lair:3   | Reached XP level 13. HP: 94/101 MP: 0/0
 18037 | Lair:3   | Learned a level 5 spell: Borgnjor's Vile Clutch
 18614 | Lair:3   | Reached skill level 13 in Fighting
 19240 | Lair:4   | Found a staircase to the Slime Pits.
 19240 | Lair:4   | Found a viscous altar of Jiyva.
 19573 | Lair:4   | Reached skill level 4 in Evocations
 19574 | Lair:4   | Reached skill level 6 in Dodging
 19887 | Lair:5   | Entered Level 5 of the Lair of Beasts
 20118 | Lair:5   | Noticed Rupert
 20249 | D:11     | Reached * piety under the Shining One
 20788 | D:11     | Reached skill level 5 in Evocations
 21418 | Orc:1    | Entered Level 1 of the Orcish Mines
 21497 | D:9      | Reached skill level 7 in Dodging
 21990 | Orc:2    | Entered Level 2 of the Orcish Mines
 22015 | Orc:2    | Found a staircase to the Elven Halls.
 22595 | Orc:1    | Noticed an orc warlord
 22971 | Orc:2    | Noticed an orc warlord
 23261 | D:12     | Reached ** piety under the Shining One
 23395 | D:12     | Reached skill level 6 in Evocations
 23495 | D:12     | You are sucked into a shaft and drop 3 floors!
 23495 | D:15     | Entered Level 15 of the Dungeon
 23505 | D:15     | Reached skill level 8 in Dodging
 23549 | D:15     | Noticed a five-headed hydra
 23901 | D:15     | Found Nues's Armour Emporium.
 23925 | D:14     | Noticed a centaur warrior
 23932 | D:15     | Killed a centaur warrior
 24284 | D:14     | Reached XP level 14. HP: 96/110 MP: 0/0
 24639 | D:13     | Reached skill level 11 in Spellcasting
 24683 | D:13     | Noticed Nessos
 24684 | D:13     | Nessos changed into Nessos the blink frog
 24684 | D:13     | Noticed Nessos
 24689 | D:13     | Killed Nessos the blink frog
 24721 | D:13     | Found Reteulim's Armour Emporium.
 24891 | D:13     | Found a frozen archway.
 24891 | D:13     | Reached *** piety under the Shining One
 24934 | IceCv    | Entered an ice cave
 25256 | D:12     | Found the +3 warlock's mirror {reflect}
 25264 | D:12     | Reached **** piety under the Shining One
 25544 | D:12     | Reached skill level 9 in Invocations
 26598 | D:14     | Noticed Josephine
 26613 | D:14     | Killed Josephine
 26614 | D:14     | Reached skill level 12 in Spellcasting
 26655 | D:14     | Reached skill level 10 in Invocations
 27119 | D:14     | Reached skill level 11 in Invocations
 27172 | D:14     | Reached XP level 15. HP: 89/114 MP: 0/0
 27172 | D:14     | Learned a level 6 spell: Summon Cactus Giant
 27320 | D:14     | Found a gate to the Vaults.
 27445 | D:15     | Reached skill level 12 in Invocations
 27456 | D:15     | Reached skill level 1 in Armour
 27502 | D:15     | Reached skill level 2 in Armour
 27527 | D:15     | Found a broken altar of Ashenzari.
 27720 | D:15     | Reached skill level 3 in Armour
 28232 | D:15     | Reached skill level 4 in Armour
 28401 | D:15     | Found a staircase to the Depths.
 28407 | D:15     | Reached ***** piety under the Shining One
 28685 | Orc:1    | Killed an orc warlord
 29194 | Orc:2    | Reached skill level 13 in Spellcasting
 29507 | Orc:2    | Found Hysk's Antique Armour Shoppe.
 30010 | Orc:2    | Bought a dazzling cloak for 180 gold pieces
 30010 | Orc:2    | Identified the +2 cloak of Absolutism {Str-5 Int+4 Dex+2
                  | Slay+3} (You bought it in a shop on level 2 of the Orcish
                  | Mines)
 30052 | Orc:2    | Found Qeowiwaapt's General Store.
 30054 | Orc:2    | Found Kyil's General Store.
 30060 | Orc:2    | Bought a potion of curing for 42 gold pieces
 30060 | Orc:2    | Bought a scroll of blinking for 105 gold pieces
 30064 | Orc:2    | Bought a scroll of teleportation for 45 gold pieces
 30080 | Orc:2    | Found Korud's Magic Scroll Shop.
 30086 | Orc:2    | Bought a scroll of fog for 64 gold pieces
 30666 | Orc:2    | Bought a sheer robe for 108 gold pieces
 30666 | Orc:2    | Identified the +2 robe "Qutinlix" {rC+ Str+4} (You bought
                  | it in a shop on level 2 of the Orcish Mines)
 30667 | Orc:2    | Bought a bloodstained leather armour for 133 gold pieces
 30667 | Orc:2    | Identified the +5 leather armour of Kindness {*Slow rC++
                  | Dex+3} (You bought it in a shop on level 2 of the Orcish
                  | Mines)
 30687 | Orc:2    | Bought a wand of light (4) for 252 gold pieces
 30841 | D:3      | Bought a potion of haste for 110 gold pieces
 30841 | D:3      | Bought a potion of mutation for 88 gold pieces
 30841 | D:3      | Bought a potion of mutation for 88 gold pieces
 30890 | D:2      | Killed Natasha
 31061 | D:9      | Killed HessuHobo's ghost
 31237 | Lair:4   | Reached XP level 16. HP: 116/121 MP: 0/0
 31486 | Lair:4   | Reached skill level 14 in Spellcasting
 31681 | Lair:5   | Killed Rupert
 32388 | Lair:5   | Reached skill level 15 in Spellcasting
 32413 | Lair:5   | Identified the ring of Ascent {Ice +Blink Dex+4 Stlth-}
 32913 | D:13     | Bought a +2 helmet of see invisible for 301 gold pieces
 33061 | Spider:1 | Entered Level 1 of the Spider Nest
 33061 | Spider:1 | Noticed an emperor scorpion
 33081 | Spider:1 | Killed an emperor scorpion
 33313 | Spider:1 | Noticed an emperor scorpion
 33323 | Spider:1 | Killed an emperor scorpion
 33385 | Spider:1 | Reached skill level 14 in Fighting
 34390 | Spider:1 | Identified the +5 scale mail of Duck's Teeth {Rampage rF+
                  | rC+}
 35137 | Spider:1 | Reached skill level 15 in Fighting
 35140 | Spider:1 | Reached XP level 17. HP: 117/131 MP: 0/0
 35140 | Spider:1 | Learned a level 6 spell: Iron Shot
 35723 | Spider:2 | Found a corrupted altar of Lugonu.
 36244 | Spider:2 | Found a one-way gate to the infinite horrors of the Abyss.
 36545 | Spider:3 | Slain by a wolf spider simulacrum

Illustrated notes

Levels and vault maps discovered:
D:1:      dpeg_arrival_simpleton_b, layout_basic
D:2:      layout_basic, minmay_misc_feat_tiny, dreamdust_princess_bridge,
          uniq_natasha, uniq_sigmund
D:3:      layout_basic, nicolae_uskayaw_dance_hall, lemuel_blue_sif_altar,
          grunt_temple_overflow_open, mainiacjoe_overflow_paths,
          gup_sewer_entry_bowl, serial_shops, nicolae_diamond_shop, st_stairs_8,
          minmay_fractal_squares_diagonal_5
D:4:      layout_rooms, kennysheep_pointless_box, minmay_cupped, uniq_ijyb
D:5:      layout_loops_corners, okawaru_trees_1, lemuel_round_altar,
          minmay_temple_entry_grid, uniq_prince_ribbit1
D:6:      layout_basic
D:7:      layout_rooms, serial_co_window_serial, co_window_paths_b,
          co_window_of_opportunity_a, co_window_corner_a, co_window_corner_a,
          co_window_paths_b, co_window_broadway_a, co_window_unsneaky_path_b,
          co_window_paths_c, co_window_2corner, co_window_sun, glass_columns_b,
          minmay_misc_feat_hallway, dk_noncrumbling_4, uniq_duvessa
D:8:      layout_rooms, kiku_gazebo_pond_becter, general_overflow_altar,
          kennysheep_little_box
D:9:      layout_basic, elyvilon_altar_3, nicolae_hepliaklqana_hazy_memory,
          gammafunk_ghost_ooze, uniq_erica, uniq_joseph
D:10:     layout_rooms, david_lair_generic, serial_shops, shop_statue
D:11:     layout_long_grid
D:12:     layout_cave_pods
D:13:     layout_irregular_city, portal_ice_cave_entry_imps, serial_shops, shop,
          minmay_increasing_density, uniq_nessos
D:14:     layout_grid_maze, david_vaults_1, minivault_4, serial_bayou_pond_d,
          uniq_josephine
D:15:     gammafunk_enter_depths_forms, layout_basic, serial_shops,
          nicolae_inconvenience_store, nicolae_ashenzari_skybound
Temple:   chequers_temple_sunken
Lair:1:   layout_cave_shapes, serial_bayou_pond_c, minivault_27
Lair:2:   layout_misc_corridors
Lair:3:   layout_chaotic_city, minmay_shoals_entry_beasts,
          spider_nest_entry_web_field
Lair:4:   layout_loops_ring, nicolae_slime_entry_slimehenge, basic_altar,
          serial_bayou_shore_b
Lair:5:   evilmike_catoblepas_cave, layout_misc_corridors, minivault_23,
          lemuel_fruit_tree, serial_bayou_shore_a, uniq_rupert
Spider:1: layout_chambers, nicolae_spider_eight_legs
Spider:2: layout_spider_delve, amcnicky_altar_lugonu_corruption
Spider:3: layout_spider_delve, nicolae_spider_nook, uniq_agnes
Orc:1:    layout_caves
Orc:2:    hellmonk_orc_salted, layout_diamond_mine, minmay_orc_temple_b

Skill      XL: |  1  2  3  4  5  6  7  8  9 10 11 12 13 14 15 16 |
---------------+-------------------------------------------------+-----
Stealth        | 1 2 |  2.0
Spellcasting   | 1 2 3 5 7 8 10 12 13 15 | 15.5
Fighting       | 3 4 7 8 10 11 12 13 15 | 15.1
Dodging        | 5 8 |  8.3
Evocations     | 2 3 6 |  6.4
Shields        | 3 5 |  5.5
Invocations    | 3 8 11 12 | 12.2
Armour         | 4 |  4.0
Staves         | |  2.6
Throwing       | |  1.5

Action                   |  1- 3 |  4- 6 |  7- 9 | 10-12 | 13-15 | 16-18 || total
-------------------------+-------+-------+-------+-------+-------+-------++-------
Melee: Quarterstaff      |    73 |   140 |     6 |       |       |       ||   219
       Unarmed           |       |     2 |       |       |       |       ||     2
       Whip              |       |       |    34 |       |       |       ||    34
       Punch             |       |       |     1 |       |       |       ||     1
       Spear             |       |       |       |     1 |       |       ||     1
       Staff             |       |       |       |       |     6 |     1 ||     7
Throw: Stone             |     4 |     1 |       |       |       |       ||     5
       Throwing net      |       |     1 |       |     2 |       |       ||     3
       Dart              |       |       |       |       |     5 |       ||     5
 Cast: Summon Small Mamm |       |    41 |    44 |     8 |       |       ||    93
       Searing Ray       |       |    12 |    83 |   131 |   243 |    48 ||   517
       Tukima's Dance    |       |       |     7 |    12 |    81 |       ||   100
       Iskenderun's Batt |       |       |       |    55 |   126 |    18 ||   199
       Summon Cactus Gia |       |       |       |       |    54 |    60 ||   114
       Iron Shot         |       |       |       |       |       |    86 ||    86
Invok: Divine Shield     |       |       |       |       |     5 |     3 ||     8
       Cleansing Flame   |       |       |       |       |     5 |    12 ||    17
Evoke: Wand              |       |       |     8 |     1 |    11 |       ||    20
  Use: Scroll            |     1 |     9 |     6 |     8 |    11 |     2 ||    37
       Potion            |       |     1 |       |     2 |     1 |       ||     4
 Stab: Sleeping          |       |       |     1 |       |       |       ||     1
Armor: Leather armour    |    22 |    54 |    24 |       |       |       ||   100
       Ring mail         |       |     7 |       |       |       |       ||     7
       Steam dragon scal |       |       |    15 |    14 |       |       ||    29
       Robe              |       |       |       |    18 |    19 |       ||    37
       Troll leather arm |       |       |       |       |    43 |    72 ||   115
Dodge: Dodged            |    36 |   145 |   162 |   232 |   496 |   244 ||  1315
Block: Buckler           |       |       |       |    54 |   211 |   175 ||   440
       Reflection        |       |       |       |       |    26 |     2 ||    28

Table legend: (Time is in decaauts)
 A = Elapsed time spent in this place.
 B = Non-inter-level travel time spent in this place.
 C = Inter-level travel time spent in this place.
 D = Time resting spent in this place.
 E = Time spent auto-exploring this place.
 F = Levels seen in this place.
 G = Mean time per level.
                   A        B        C        D        E       F      G
               +--------+--------+--------+--------+--------+-----+--------+
         Total |  36700 |  34085 |   2615 |  10241 |  16067 |  28 | 1310.7 |
       Dungeon |  21727 |  20146 |   1581 |   6460 |   9213 |  15 | 1448.5 |
        Temple |     45 |     24 |     21 |      0 |      0 |   1 |   45.0 |
          Lair |   7194 |   6563 |    631 |    947 |   4453 |   5 | 1438.8 |
   Spider Nest |   3294 |   3192 |    102 |   1133 |   1437 |   3 | 1098.0 |
  Orcish Mines |   3521 |   3242 |    279 |   1185 |    964 |   2 | 1760.5 |
         Sewer |    912 |    912 |      0 |    516 |      0 |   1 |  912.0 |
      Ice Cave |      5 |      5 |      0 |      0 |      0 |   1 |    5.0 |
               +--------+--------+--------+--------+--------+-----+--------+

Top non-repeatable levels by time:
     D:9: 2875 daAuts
   Orc:2: 2708 daAuts
Spider:1: 2138 daAuts
    D:10: 1821 daAuts
    D:15: 1803 daAuts
  Lair:2: 1599 daAuts
  Lair:3: 1594 daAuts
     D:5: 1577 daAuts
     D:4: 1531 daAuts
     D:7: 1402 daAuts
  Lair:5: 1386 daAuts
  Lair:4: 1377 daAuts
     D:2: 1373 daAuts
     D:6: 1352 daAuts
    D:12: 1279 daAuts
